 Dungeon Crawl Stone Soup version 0.23.2-1-ga50397a (webtiles) character file.

Game seed: 14032326742851642244

561047 diana the Slayer (level 26, -8/216 (221) HPs)
             Began as a Hill Orc Fighter on June 2, 2019.
             Was the Champion of Okawaru.
             Splashed by an acid blob's acid (12 damage)
             ... on level 2 of the Pits of Slime.
             The game lasted 02:09:08 (54404 turns).

diana the Slayer (Hill Orc Fighter)                Turns: 54404, Time: 02:09:09

HP:   -8/216 (221)  AC:  8    Str: 28    XL:     26   Next: 64%
MP:   28/29         EV: 25    Int: 18    God:    Okawaru [******]
Gold: 1996          SH: 24    Dex: 15    Spells: 10/25 levels left

rFire    . . .     SeeInvis .   X - +9 broad axe (vamp)
rCold    + . .     Gourm    .   b - +1 shield {reflect}
rNeg     . . .     Faith    .   Z - +27 Lear's hauberk
rPois    +         Spirit   .   (helmet currently unavailable)
rElec    +         Reflect  +   E - +1 cloak
rCorr    .         Harm     .   (gloves currently unavailable)
MR       +++..                  (boots currently unavailable)
Stlth    ..........             v - amulet "Hysafingokk" {+Rage rElec MR+}
HPRegen  0.46/turn              A - ring of Byrueth {MR+ Int+2 Dex+4}
MPRegen  0.21/turn              c - ring of Midnight {rPois Int+5 Dex+3 Slay+3}

@: heroism, corroded
A: large bone plates 1, clumsy 1, cold resistance 1, frail 1, MP-powered wands
}: 3/15 runes: decaying, silver, gossamer
a: Heroism, Finesse, Renounce Religion, Evoke Berserk Rage


You were on level 2 of the Pits of Slime.
You worshipped Okawaru.
Okawaru was exalted by your worship.
You were hungry.

You visited 10 branches of the dungeon, and saw 48 of its levels.
You visited 1 bazaar.
You also visited: Ossuary and Volcano.

You collected 7466 gold pieces.
You spent 5470 gold pieces at shops.

Inventory:

Hand Weapons
 X - a +9 vampiric broad axe (weapon)
Missiles
 e - 4 throwing nets (quivered)
Armour
 b - a +1 shield of reflection (worn)
 y - a +1 shield of protection
 E - a +1 cloak (worn)
 Z - the +27 Lear's hauberk (worn)
   (You bought it in a shop on level 2 of the Orcish Mines)
Jewellery
 c - the ring of Midnight (right hand) {rPois Int+5 Dex+3 Slay+3}
   (You took it off a deep elf high priest on level 3 of the Elven Halls)

   [ring of slaying]

   It affects your intelligence (+5).
   It affects your dexterity (+3).
   It affects your accuracy and damage with ranged weapons and melee attacks
   (+3).
   It protects you from poison.
 v - the amulet "Hysafingokk" (around neck) {+Rage rElec MR+}
   (You found it on level 3 of the Elven Halls)

   [amulet of rage]

   It insulates you from electricity.
   It affects your resistance to hostile enchantments.
   It lets you go berserk.
 A - the ring of Byrueth (left hand) {MR+ Int+2 Dex+4}
   (You found it on level 1 of the Spider Nest)

   [ring of protection from magic]

   It affects your intelligence (+2).
   It affects your dexterity (+4).
   It affects your resistance to hostile enchantments.
Wands
 P - a wand of iceblast (21)
 V - a wand of clouds (18)
Scrolls
 h - 22 scrolls of remove curse
 i - 8 scrolls of immolation
 l - 5 scrolls of fog
 n - 7 scrolls of blinking
 q - 30 scrolls of teleportation
 r - 7 scrolls of fear
 s - 5 scrolls of amnesia
 G - a scroll of summoning
 Q - 3 scrolls of magic mapping
Potions
 m - 4 potions of haste
 p - 6 potions of ambrosia
 t - 7 potions of agility
 w - 9 potions of flight
 B - 2 potions of mutation
 C - 4 potions of heal wounds
 D - 2 potions of berserk rage
 H - 10 potions of curing
 I - 5 potions of resistance
 J - 6 potions of might
 K - 2 potions of cancellation
 L - 4 potions of invisibility
 N - 6 potions of brilliance
 S - 3 potions of magic
Comestibles
 f - 67 rations


   Skills:
 - Level 22.0(27) Fighting
 - Level 18.0(23.0) Axes
 - Level 22.0(27) Armour
 + Level 19.2(24.2) Dodging
 - Level 22.0(27) Shields
 - Level 10.4 Fire Magic
 - Level 8.4 Invocations


You had 10 spell levels left.
You knew the following spells:

 Your Spells              Type           Power        Failure   Level  Hunger
a - Bolt of Fire          Conj/Fire      ###.......   100%        6    #######
b - Fire Storm            Conj/Fire      ###.......   100%        9    #######

Your spell library contained the following spells:

 Spells                   Type           Power        Failure   Level  Hunger
 Flame Tongue             Conj/Fire      ###..        5%          1    ##.....
 Throw Flame              Conj/Fire      ###...       9%          2    ###....
 Conjure Flame            Conj/Fire      ###.....     17%         3    ####...
 Inner Flame              Hex/Fire       ###.....     17%         3    ####...
 Ignite Poison            Fire/Tmut/Pois ##......     34%         3    ####...
 Animate Skeleton         Necr           N/A          43%         1    ##.....
 Apportation              Tloc           #.....       43%         1    ##.....
 Beastly Appendage        Tmut           #.....       43%         1    ##.....
 Confusing Touch          Hex            #.....       43%         1    ##.....
 Corona                   Hex            #......      43%         1    ##.....
 Infusion                 Chrm           #...         43%         1    ##.....
 Magic Dart               Conj           #...         43%         1    ##.....
 Pain                     Necr           #...         43%         1    ##.....
 Shock                    Conj/Air       #...         43%         1    ##.....
 Sting                    Conj/Pois      #...         43%         1    ##.....
 Summon Butterflies       Summ           #.......     43%         1    ##.....
 Summon Small Mammal      Summ           #...         43%         1    ##.....
 Sticky Flame             Conj/Fire      ###.....     50%         4    #####..
 Blink                    Tloc           N/A          56%         2    ###....
 Call Imp                 Summ           #.......     56%         2    ###....
 Corpse Rot               Necr           N/A          56%         2    ###....
 Poisonous Vapours        Pois/Air       #.....       56%         2    ###....
 Shroud of Golubria       Chrm/Tloc      #.........   56%         2    ###....
 Slow                     Hex            #.......     56%         2    ###....
 Song of Slaying          Chrm           #.......     56%         2    ###....
 Sticks to Snakes         Tmut           #.......     56%         2    ###....
 Sublimation of Blood     Necr           #.........   56%         2    ###....
 Swiftness                Chrm/Air       #.......     56%         2    ###....
 Call Canine Familiar     Summ           #.......     80%         3    ####...
 Gell's Gravitas          Tloc           #.........   80%         3    ####...
 Lesser Beckoning         Tloc           #.........   80%         3    ####...
 Mephitic Cloud           Conj/Pois/Air  #.......     80%         3    ####...
 Portal Projectile        Hex/Tloc       #.....       80%         3    ####...
 Regeneration             Chrm/Necr      #.........   80%         3    ####...
 Spectral Weapon          Hex/Chrm       #.......     80%         3    ####...
 Spider Form              Tmut/Pois      #.........   80%         3    ####...
 Static Discharge         Conj/Air       #.......     80%         3    ####...
 Summon Guardian Golem    Hex/Summ       #.......     80%         3    ####...
 Tukima's Dance           Hex            #.......     80%         3    ####...
 Vampiric Draining        Necr           #.........   80%         3    ####...
 Fireball                 Conj/Fire      ###.......   83%         5    ######.
 Airstrike                Air            #.........   99%         4    #####..
 Animate Dead             Necr           N/A          99%         4    #####..
 Cause Fear               Hex            #.........   99%         4    #####..
 Force Lance              Conj/Tloc      #.......     99%         4    #####..
 Ice Form                 Ice/Tmut       #.......     99%         4    #####..
 Leda's Liquefaction      Hex/Erth       #.........   99%         4    #####..
 Olgreb's Toxic Radiance  Pois           #.......     99%         4    #####..
 Summon Ice Beast         Ice/Summ       #.......     99%         4    #####..
 Summon Lightning Spire   Summ/Air       #.......     99%         4    #####..
 Agony                    Necr           #.......     100%        5    ######.
 Alistair's Intoxication  Tmut/Pois      #.......     100%        5    ######.
 Blade Hands              Tmut           #.........   100%        5    ######.
 Bolt of Draining         Conj/Necr      #.........   100%        5    ######.
 Dispel Undead            Necr           #.......     100%        5    ######.
 Excruciating Wounds      Chrm/Necr      #.........   100%        5    ######.
 Iskenderun's Battlesphe  Conj/Chrm      #.......     100%        5    ######.
 Lightning Bolt           Conj/Air       #.........   100%        5    ######.
 Silence                  Hex/Air        #.........   100%        5    ######.
 Summon Mana Viper        Hex/Summ       #.......     100%        5    ######.
 Venom Bolt               Conj/Pois      #.........   100%        5    ######.
 Yara's Violent Unravell  Hex/Tmut       #.........   100%        5    ######.
 Conjure Ball Lightning   Conj/Air       #.........   100%        6    #######
 Death Channel            Necr           #.........   100%        6    #######
 Deflect Missiles         Chrm/Air       #.........   100%        6    #######
 Dispersal                Tloc           #.........   100%        6    #######
 Invisibility             Hex            #.......     100%        6    #######
 Poison Arrow             Conj/Pois      #.........   100%        6    #######
 Dragon Form              Tmut           #.........   100%        7    #######
 Malign Gateway           Summ/Tloc      #.........   100%        7    #######
 Ring of Flames           Chrm/Fire      ###.......   100%        7    #######
 Summon Hydra             Summ           #.........   100%        7    #######
 Chain Lightning          Conj/Air       #.........   100%        8    #######
 Controlled Blink         Tloc           N/A          100%        8    #######
 Discord                  Hex            #.........   100%        8    #######
 Disjunction              Tloc           #.........   100%        8    #######
 Ignition                 Fire           #####.....   100%        8    #######
 Lehudib's Crystal Spear  Conj/Erth      #.........   100%        8    #######
 Glaciate                 Conj/Ice       #.........   100%        9    #######
 Shatter                  Erth           #.........   100%        9    #######
 Tornado                  Air            #.........   100%        9    #######


Dungeon Overview and Level Annotations

Branches:
Dungeon (15/15)            Temple (1/1) D:5            Lair (6/6) D:11
  Swamp (4/4) Lair:3       Spider (4/4) Lair:2        Slime (3/5) Lair:6
    Orc (2/2) D:10            Elf (3/3) Orc:2        Vaults (5/5) D:14
  Crypt (0/3) Vaults:2     Depths (5/5) D:15            Zot (0/5) Depths:5

Altars:
Ashenzari
Cheibriados
Dithmenos
Elyvilon
Fedhas
Gozag
Hepliaklqana
Kikubaaqudgha
Makhleb
Nemelex Xobeh
Okawaru
Qazlal
Ru
Sif Muna
Trog
Uskayaw
Vehumet
Wu Jian
Xom
Yredelemnul
Zin
The Shining One
Beogh
Jiyva

Shops:
D:11 *   D:13 (   Orc:1 }   Orc:2 %[[?   Elf:2 (   Elf:3 :   Vaults:1 =
Vaults:3 [   Vaults:5 %   Depths:2 *   Depths:4 *}=}   Depths:5 *(*(

Portals:
Hell: Depths:1 Depths:2 Depths:3 Depths:4 Depths:5
Abyss: Depths:1 Depths:4 Depths:5
Pandemonium: Depths:3 Depths:5
Ziggurat: Depths:3

Annotations:
Lair:5 1 runed translucent door, Wudwina's ghost, journeyman TrBe
Elf:2 3 runed translucent doors
Depths:4 2 transporters, exclusion: obsidian statue


Innate Abilities, Weirdness & Mutations

You are partially covered in large bone plates. (SH +4)
You are clumsy. (Dex -2)
Your flesh is cold resistant. (rC+)
You are frail. (-10% HP)
You expend magic power (3 MP) to strengthen your wands.


Message History

The acid blob is almost dead.
You slash the eye of devastation! You slice the acid blob!!
Your hands burn!
* * * LOW HITPOINT WARNING * * *
The acid blob spits acid at you.
Your +1 shield of reflection reflects the splash of acid!
The splash of acid hits the acid blob.
The acid blob completely resists.
You block the acid blob's attack.
Unknown command.
Okay, then.
You slash the acid blob! The acid corrodes you!
Your hands burn!
* * * LOW HITPOINT WARNING * * *
The acid blob is almost dead.
You hit the acid blob.
You feel better.
Your hands burn!
* * * LOW HITPOINT WARNING * * *
You hit the eye of devastation but do no damage.
The acid blob spits acid at you. The splash of acid hits you!
* * * LOW HITPOINT WARNING * * *
You are splashed with acid!
You die...

#........####.##
##........#....#
#...#.........# ####
#...........#.##
##..####.........#...#
#....##.........## .##
#...#..........###.##
#..........J.......#
####.........@G.......#
##.#.........J........##
#..................#.## ##
#....................^##.##
#........[............##...#
###.##.#....<.......#......#
#..###.###......#..###.....#
.............#......##....##
...................##.....##


You could see 2 acid blobs and an eye of devastation.

Vanquished Creatures
  2 ancient liches (Vaults:5)
  Mara (Vaults:5)
  3 greater mummies (Depths:3)
  Margery (Vaults:5)
  Bai Suzhen (Depths:1)
  the Lernaean hydra (Swamp:4)
  3 golden dragons (Vaults:5)
  4 tentacled monstrosities (Vaults:5)
  4 liches
  Rupert (Lair:3)
  Asterion (Spider:4)
  The ghost of bmj180 the Peltast, an adept MiFi (Spider:1)
  8 titans (Vaults:5)
  A deep elf master archer (Elf:3)
  2 quicksilver dragons (Vaults:5)
  3 deep elf blademasters (Elf:3)
  The ghost of doot the Scorcher, an adept HOFE of Beogh (Elf:3)
  The ghost of Flogoulo the Warrior, an adept OpEE of Ashenzari (Spider:1)
  5 acid blobs
  Agnes (Spider:4)
  Gastronok (D:8)
  A sphinx (Vaults:5)
  3 large abominations (Vaults:5)
  3 shadow dragons
  Donald (Spider:4)
  9 tengu reavers
  4 thorn hunters
  4 storm dragons
  Kirke (Swamp:4)
  3 azure jellies
  9 fire giants
  A draconian knight (Depths:5)
  6 ghost moths
  2 orc warlords (Orc:1)
  12 deep elf sorcerers
  8 frost giants
  5 emperor scorpions
  18 vault wardens
  9 deep elf elementalists
  12 ironheart preservers
  16 very ugly things
  A war gargoyle (Vaults:5)
  25 stone giants
  An entropy weaver (Spider:4)
  An entropy weaver (shapeshifter) (Elf:3)
  3 vampire knights
  16 deep elf annihilators
  A purple draconian (Depths:5)
  10 deep elf demonologists
  The ghost of Iboetagh the Fighter, a journeyman GrFi of Dithmenos (Swamp:1)
  A green draconian (Depths:5)
  A dire elephant (Lair:6)
  The ghost of Ohabb the Eclecticist, a journeyman SpAr of Makhleb (Swamp:1)
  A white draconian (Depths:5)
  6 spark wasps
  A yellow draconian (Depths:5)
  The ghost of reativica the Archer, a journeyman CeHu of Fedhas (Spider:1)
  A merfolk javelineer (Depths:3)
  7 deep elf death magi
  2 mummy priests (Depths:3)
  13 fire dragons
  A jiangshi (Vaults:2)
  8 ettins
  Josephine (D:11)
  Erolcha (D:13)
  The ghost of MalarOregon the Ripper, a journeyman FeBe of Trog (Spider:1)
  11 deep elf high priests
  11 yaktaur captains
  10 ice dragons
  7 great orbs of eyes
  3 rakshasas
  33 vault guards
  8 ghost crabs
  19 hydras
  3 shambling mangroves
  4 spriggan air magi
  3 centaur warriors
  A catoblepas (Lair:6)
  2 death knights
  A merfolk avatar (Lair:6)
  10 ogre magi
  15 dancing weapons
  23 two-headed ogres
  13 alligators
  9 death yaks
  6 deep troll earth magi
  8 deep troll shamans
  An orc high priest (Elf:3)
  7 spriggan berserkers
  5 small abominations
  8 tengu warriors
  20 deep elf knights
  Sonja (D:10)
  A vampire mage (Vaults:2)
  8 skeletal warriors
  Nergalle (Lair:3)
  10 iron trolls
  A fire crab (shapeshifter) (Vaults:5)
  A shadow wraith (Vaults:2)
  16 hell knights
  6 spriggan druids
  An unseen horror (D:15)
  A sea snake (Lair:6)
  A glowing orange brain (shapeshifter) (Vaults:3)
  4 glowing orange brains
  24 deep trolls
  11 swamp dragons
  A shadow demon (Depths:5)
  4 flayed ghosts
  3 wizards
  A swamp dragon (shapeshifter) (Vaults:5)
  16 deep elf archers
  2 lindwurms
  11 necromancers
  3 phantasmal warriors
  Pikel (D:6)
  14 orc knights
  19 ironbrand convokers
  A wolf spider zombie (D:15)
  26 ugly things
  A harpy (Vaults:5)
  15 orb spiders
  2 manticores (shapeshifter)
  4 orc sorcerers
  2 shining eyes
  5 cyclopes
  40 wolf spiders
  74 deep elf magi
  5 manticores
  Maurice (D:8)
  5 moths of wrath
  A rust devil (Depths:1)
  2 elephants (Lair:6)
  A guardian serpent (shapeshifter) (Vaults:1)
  17 vault sentinels
  A molten gargoyle (Volcano)
  3 apocalypse crabs (Swamp:2)
  3 gargoyles
  2 torpor snails
  16 spiny frogs
  4 eyes of devastation
  A black mamba (Lair:6)
  15 demonic crawlers
  3 efreet
  9 freezing wraiths
  A komodo dragon (shapeshifter) (Depths:3)
  40 yaktaurs
  A hellwing (Depths:5)
  7 komodo dragons
  A yaktaur (shapeshifter) (Vaults:2)
  2 tengu conjurers
  8 rime drakes
  2 ice devils (Depths:5)
  8 polar bears
  3 meliai (Spider:4)
  30 jumping spiders
  A hornet (shapeshifter) (Depths:2)
  24 hornets
  8 trolls
  2 jumping spiders (shapeshifter) (Vaults:5)
  17 tyrant leeches
  A raiju (shapeshifter) (Vaults:4)
  56 slime creatures
  A wind drake (shapeshifter) (Depths:2)
  Prince Ribbit (D:8)
  5 bog bodies
  26 blink frogs
  7 dream sheep (Lair:4)
  A meliai zombie (D:11)
  15 hippogriffs
  A fire giant simulacrum (Vaults:3)
  5 air elementals
  Sigmund (D:4)
  13 wraiths
  15 spriggans
  A shadow (D:15)
  23 tarantellas
  36 redbacks
  13 water elementals
  13 wyverns
  2 tarantellas (shapeshifter)
  4 hogs (Swamp:4)
  29 yaks
  13 golden eyes (Slime:1)
  A golden eye (shapeshifter) (Vaults:4)
  6 basilisks
  A chaos spawn (Depths:5)
  3 fire elementals
  9 vampire mosquitoes (Swamp:1)
  3 hungry ghosts
  Edmund (D:4)
  19 swamp worms
  5 acid dragons
  A soldier ant (D:9)
  11 wargs
  A floating eye (Depths:3)
  2 hell hounds (Lair:6)
  5 porcupines
  16 water moccasins
  9 swamp drakes
  3 black bears
  52 orc warriors
  3 phantoms
  2 ice beasts
  2 sky beasts
  4 eyes of draining
  4 necrophages
  15 boggarts
  36 ogres
  21 centaurs
  15 wolves
  11 crocodiles
  Blork the orc (D:4)
  3 big kobolds
  An elf zombie (Ossuary)
  A big kobold (shapeshifter) (Vaults:1)
  11 bullfrogs
  A yaktaur zombie (Vaults:1)
  2 earth elementals
  An ogre simulacrum (Vaults:1)
  A water moccasin zombie (D:5)
  3 wyvern skeletons
  3 scorpions
  12 wights
  4 killer bees (D:7)
  A howler monkey (D:11)
  An electric eel (Spider:4)
  11 crimson imps
  A bullfrog zombie (D:10)
  6 centaur zombies
  A human zombie (Ossuary)
  2 human simulacra
  33 orc wizards
  2 quasits
  9 centaur skeletons
  22 orc priests
  Ijyb (D:3)
  6 hounds
  7 jellies
  2 bullfrog skeletons
  2 iguanas
  12 worker ants
  A big kobold zombie (Ossuary)
  3 hound zombies
  3 mummies (Ossuary)
  A howler monkey zombie (D:6)
  A worker ant zombie (D:5)
  Robin (D:3)
  13 adders
  A river rat (D:11)
  5 shadow imps
  2 oozes (D:2)
  An adder skeleton (D:4)
  3 adder zombies (Ossuary)
  6 worms
  A dart slug (D:2)
  3 leopard geckos
  108 orcs
  3 bats
  7 giant cockroaches
  2 gnoll zombies (Ossuary)
  18 goblins
  6 hobgoblins
  17 jackals
  2 quokkas
  8 frilled lizards
  7 goblin zombies (Ossuary)
  A hobgoblin zombie (Ossuary)
  5 jackal zombies (Ossuary)
  20 kobolds
  4 kobold zombies (Ossuary)
  A leopard gecko skeleton (D:4)
  2 orc zombies (Ossuary)
  5 quokka zombies (Ossuary)
  5 rats
  A rat zombie (Ossuary)
  10 briar patches (Swamp:1)
  8 crawling corpses
  7 fungi
  2 plants (Lair:6)
2096 creatures vanquished.

Vanquished Creatures (others)
  A deep elf master archer (Elf:3)
  A vault warden (Vaults:5)
  An ironheart preserver (Vaults:5)
  2 stone giants
  4 yaktaur captains
  An alligator (Swamp:2)
  A deep elf knight (Elf:1)
  An unseen horror (Vaults:1)
  A spriggan druid (Swamp:2)
  9 deep elf archers
  4 deep elf magi
  2 cyclopes
  A faun (shapeshifter) (Vaults:5)
  10 yaktaurs
  A hornet (Depths:5)
  A hungry ghost (D:6)
  An orc warrior (Vaults:3)
  An ogre (Vaults:2)
  2 centaurs
  An orc skeleton (Vaults:1)
  An orc wizard (D:6)
  3 orcs
  2 briar patches (Swamp:1)
  A crawling corpse (Vaults:5)
  8 fungi
  21 plants
82 creatures vanquished.

Grand Total: 2178 creatures vanquished

Notes
Turn   | Place    | Note
-------+----------+-------------------------------------------
     0 | D:1      | diana the Hill Orc Fighter began the quest for the Orb.
     0 | D:1      | Reached XP level 1. HP: 19/19 MP: 1/1
   335 | D:1      | Reached XP level 2. HP: 25/27 MP: 2/2
   905 | D:2      | Reached XP level 3. HP: 22/33 MP: 3/3
  1384 | D:2      | Reached skill level 1 in Dodging
  1667 | D:2      | Reached XP level 4. HP: 27/40 MP: 4/4
  2194 | D:3      | Noticed Ijyb
  2200 | D:3      | Paralysed by Ijyb for 2 turns
  2226 | D:3      | Killed Ijyb
  2348 | D:3      | Noticed Robin
  2354 | D:3      | Reached XP level 5. HP: 39/47 MP: 5/5
  2360 | D:3      | Killed Robin
  2444 | D:3      | Found a glowing golden altar of the Shining One.
  2941 | D:4      | Noticed Blork the orc
  2952 | D:4      | Killed Blork the orc
  2952 | D:4      | Reached XP level 6. HP: 34/53 MP: 6/6
  3027 | D:4      | Reached skill level 5 in Fighting
  3180 | D:4      | Found a hazy altar of Hepliaklqana.
  3238 | D:4      | Noticed Sigmund
  3238 | D:4      | Noticed a phantom
  3263 | D:4      | Killed Sigmund
  3263 | D:4      | Reached skill level 5 in Axes
  3263 | D:4      | Reached skill level 5 in Shields
  3263 | D:4      | Reached XP level 7. HP: 23/61 MP: 7/7
  3265 | D:4      | Reached skill level 5 in Armour
  3278 | D:4      | Noticed Edmund
  3284 | D:4      | Killed Edmund
  3446 | D:4      | Reached XP level 8. HP: 54/70 MP: 8/8
  3882 | D:5      | Entered Level 5 of the Dungeon
  3975 | D:5      | Found a staircase to the Ecumenical Temple.
  3998 | Temple   | Entered the Ecumenical Temple
  4250 | Temple   | Became a worshipper of Warmaster Okawaru
  4319 | D:4      | Found a snail-covered altar of Cheibriados.
  4319 | D:4      | Found an ornate altar of the Wu Jian Council.
  4319 | D:4      | Found a burning altar of Makhleb.
  4521 | D:5      | Found a bloodstained altar of Trog.
  4587 | D:5      | Found a radiant altar of Vehumet.
  4783 | D:6      | Reached * piety under Okawaru
  4783 | D:6      | Reached skill level 1 in Invocations
  5016 | D:6      | Reached XP level 9. HP: 77/78 MP: 8/10
  5218 | D:6      | Noticed Pikel
  5241 | D:6      | Killed Pikel
  5275 | D:6      | Paralysed by fainting for 5 turns
  5491 | D:6      | HP: 2/79 [orc warrior/+0 glaive (15)]
  5508 | D:6      | Reached ** piety under Okawaru
  6873 | D:8      | Reached XP level 10. HP: 87/88 MP: 10/13
  6967 | D:8      | Noticed Gastronok
  6967 | D:8      | Noticed Maurice
  7043 | D:8      | Found a sand-covered staircase.
  7052 | Ossuary  | Entered an ossuary
  7444 | D:8      | Killed Maurice
  7444 | D:8      | Reached skill level 5 in Dodging
  7549 | D:8      | Killed Gastronok
  7549 | D:8      | Reached *** piety under Okawaru
  7549 | D:8      | Reached **** piety under Okawaru
  7788 | D:8      | Noticed Prince Ribbit
  7811 | D:8      | Killed Prince Ribbit
  7868 | D:9      | Found a sacrificial altar of Ru.
  8078 | D:9      | Reached ***** piety under Okawaru
  8142 | D:9      | Reached XP level 11. HP: 88/97 MP: 14/14
  8149 | D:9      | Reached skill level 10 in Axes
  8477 | D:9      | Found a white marble altar of Elyvilon.
  8959 | D:10     | Entered Level 10 of the Dungeon
  8986 | D:10     | Found a staircase to the Orcish Mines.
  9134 | D:10     | Noticed Sonja
  9141 | D:10     | Killed Sonja
  9498 | D:10     | Received a gift from Okawaru
  9742 | D:11     | Noticed a two-headed ogre
  9743 | D:11     | Noticed a purple ugly thing
  9745 | D:11     | Noticed Josephine
  9751 | D:11     | Reached skill level 5 in Invocations
  9763 | D:11     | Killed a purple ugly thing
  9764 | D:11     | Killed Josephine
  9764 | D:11     | Received a gift from Okawaru
  9764 | D:11     | Reached skill level 10 in Fighting
  9778 | D:11     | Killed a two-headed ogre
  9963 | D:11     | Noticed a manticore
  9975 | D:11     | Killed a manticore
 10184 | D:11     | Noticed a five-headed hydra
 10185 | D:11     | Noticed a death yak
 10186 | D:11     | Noticed a death yak
 10219 | D:10     | Killed a death yak
 10219 | D:10     | Reached XP level 12. HP: 57/107 MP: 14/16
 10236 | Orc:1    | Entered Level 1 of the Orcish Mines
 10463 | Orc:1    | Noticed an orc warlord
 10465 | Orc:1    | Noticed an orc warlord
 10466 | Orc:1    | Received a gift from Okawaru
 10583 | Orc:1    | Killed an orc warlord
 11052 | Orc:1    | Reached skill level 10 in Armour
 11056 | Orc:1    | Killed an orc warlord
 11056 | Orc:1    | Reached skill level 10 in Shields
 11452 | Orc:1    | Found a roughly hewn altar of Beogh.
 11543 | Orc:2    | Entered Level 2 of the Orcish Mines
 11773 | Orc:2    | HP: 5/110 [centaur/arrow (10)]
 11855 | Orc:2    | HP: 1/110 [orc warrior/+0 halberd (15)]
 11877 | Orc:2    | Found a dark tunnel.
 11886 | Volcano  | Entered a volcano
 12896 | Orc:2    | Reached XP level 13. HP: 69/116 MP: 17/19
 13552 | Orc:2    | Found a staircase to the Elven Halls.
 14112 | Orc:2    | Found Joeno's Armour Emporium.
 14112 | Orc:2    | Found Widwitri's Armour Shop.
 14114 | Orc:2    | Found Zasyod's Magic Scroll Boutique.
 14116 | Orc:2    | Found Ytoil's Food Shoppe.
 14189 | Orc:1    | Found Woytwoenn's Gadget Emporium.
 14788 | D:11     | Found a staircase to the Lair.
 14841 | D:11     | Received a gift from Okawaru
 15482 | D:11     | Found Riemas's Serpentskin Sales.
 15492 | D:11     | Bought the ring of Niarukadd {rPois Str+4} for 460 gold
                  | pieces
 16824 | Lair:1   | Entered Level 1 of the Lair of Beasts
 17526 | Lair:1   | Reached XP level 14. HP: 96/127 MP: 13/20
 18190 | Lair:2   | Found a hole to the Spider Nest.
 18787 | Lair:3   | Noticed Nergalle
 18803 | Lair:3   | Killed Nergalle
 18844 | Lair:3   | Noticed Rupert
 18877 | Lair:3   | Gained mutation: Your flesh is cold resistant. (rC+)
                  | [potion of mutation]
 18877 | Lair:3   | Gained mutation: You are partially covered in large bone
                  | plates. (SH +4) [potion of mutation]
 18889 | Lair:3   | Killed Rupert
 19758 | Lair:3   | Found a staircase to the Swamp.
 20083 | Lair:4   | Received a gift from Okawaru
 21056 | Lair:5   | Found a runed translucent door.
 21678 | Lair:5   | Noticed Wudwina's ghost (journeyman TrBe)
 21691 | Lair:6   | Entered Level 6 of the Lair of Beasts
 21691 | Lair:6   | Found a staircase to the Slime Pits.
 21691 | Lair:6   | Found a viscous altar of Jiyva.
 21712 | Lair:6   | Reached skill level 15 in Axes
 21712 | Lair:6   | Reached skill level 10 in Dodging
 21725 | Lair:6   | Reached XP level 15. HP: 117/138 MP: 21/21
 22178 | Lair:6   | Received a gift from Okawaru
 22596 | Lair:6   | Identified Haitz's Tome of Burning Moulding
 23266 | D:13     | Received a gift from Okawaru
 23383 | D:13     | You fall through a shaft!
 23668 | D:13     | Found Ruclagg's Antique Weapon Emporium.
 23849 | D:13     | Got a scorched scale mail
 23860 | D:13     | Identified the +3 scale mail "Yxicorun" {MR+ Int+2 Dex-5}
                  | (You found it on level 13 of the Dungeon)
 23946 | D:13     | Noticed Erolcha
 23953 | D:13     | Killed Erolcha
 23953 | D:13     | Reached skill level 15 in Fighting
 24318 | D:14     | Got a scorched leather armour
 24329 | D:14     | Identified the +3 leather armour "Geudot" {+Fly rCorr
                  | Slay+2} (You found it on level 14 of the Dungeon)
 24465 | D:14     | Found a gate to the Vaults.
 24773 | Orc:2    | Bought the +27 Lear's hauberk for 2081 gold pieces
 24773 | Orc:2    | Found the +27 Lear's hauberk
 25106 | D:14     | Reached XP level 16. HP: 129/149 MP: 20/22
 25323 | D:14     | Got a bloodstained ring mail
 25334 | D:14     | Identified the +5 ring mail "Vugin" {rF+ Str+5 Dex-2} (You
                  | found it on level 14 of the Dungeon)
 25603 | D:15     | Entered Level 15 of the Dungeon
 25754 | D:15     | Identified the Reference Book on Stolen Souls and the Birds
 26065 | D:15     | Found a staircase to the Depths.
 26587 | Spider:1 | Entered Level 1 of the Spider Nest
 26659 | Spider:1 | Found a runed translucent gate.
 26663 | Spider:1 | Found a runed translucent gate.
 26664 | Spider:1 | Found a runed translucent gate.
 26665 | Spider:1 | Noticed Flogoulo's ghost (adept OpEE)
 26665 | Spider:1 | Noticed MalarOregon's ghost (journeyman FeBe)
 26665 | Spider:1 | Noticed bmj180's ghost (adept MiFi)
 26665 | Spider:1 | Noticed reativica's ghost (journeyman CeHu)
 26689 | Spider:1 | Received a gift from Okawaru
 27058 | Spider:1 | Reached ****** piety under Okawaru
 27089 | Spider:1 | Reached skill level 15 in Armour
 27089 | Spider:1 | Reached XP level 17. HP: 158/158 MP: 23/23
 28124 | Spider:2 | Received a gift from Okawaru
 29120 | Spider:3 | Found the +8 frozen axe "Frostbite" {freezing cloud, *Noise
                  | +Fly rC+}
 29436 | Spider:3 | Received a gift from Okawaru
 29453 | Spider:3 | Got a pair of faintly humming gloves {god gift}
 29474 | Spider:3 | Identified the +1 pair of gloves of Resourcefulness {MR++
                  | Dex+3} (Okawaru gifted it to you on level 3 of the Spider
                  | Nest)
 29683 | Spider:4 | Entered Level 4 of the Spider Nest
 29744 | Spider:4 | Reached XP level 18. HP: 168/168 MP: 14/24
 30095 | Spider:4 | Noticed Donald
 30141 | Spider:4 | Killed Donald
 30599 | Spider:4 | Received a gift from Okawaru
 30636 | Spider:4 | Noticed Asterion
 30649 | Spider:4 | Killed Asterion
 30724 | Spider:4 | Noticed Agnes
 30745 | Spider:4 | Killed Agnes
 30839 | Spider:4 | Got a gossamer rune of Zot
 30988 | Spider:1 | Killed Flogoulo's ghost
 30996 | Spider:1 | Killed reativica's ghost
 30999 | Spider:1 | Killed MalarOregon's ghost
 31014 | Spider:1 | Killed bmj180's ghost
 31034 | Spider:1 | Got a bound iron ring
 31036 | Spider:1 | Identified the ring of Byrueth {MR+ Int+2 Dex+4} (You found
                  | it on level 1 of the Spider Nest)
 31084 | Spider:1 | Received a gift from Okawaru
 31087 | Spider:1 | Got a bronze ring mail {god gift}
 31113 | Spider:1 | Identified the +4 ring mail of Greater Demons {rF+ rCorr}
                  | (Okawaru gifted it to you on level 1 of the Spider Nest)
 31376 | Elf:1    | Entered Level 1 of the Elven Halls
 31398 | Elf:1    | Found a radiant altar of Vehumet.
 31469 | Elf:1    | Found a frozen archway.
 31711 | Elf:1    | Gained mutation: You are frail. (-10% HP) [a neqoxec]
 31729 | Elf:1    | Reached XP level 19. HP: 159/159 MP: 15/25
 32633 | Elf:2    | Found a runed translucent gate.
 32633 | Elf:2    | Found a runed translucent gate.
 32634 | Elf:2    | Found a runed translucent gate.
 32713 | Elf:2    | Found Tasoic's Weapon Shop.
 32831 | Elf:3    | Entered Level 3 of the Elven Halls
 32949 | Elf:3    | Found a large runed translucent door.
 32949 | Elf:3    | Found a large runed translucent door.
 32949 | Elf:3    | Noticed doot's ghost (adept HOFE)
 33081 | Elf:3    | Identified Misec's Reference Book on Conjuration
 33244 | Elf:3    | Found Baoxaihe's Book Shop.
 33261 | Elf:3    | Learned a level 6 spell: Bolt of Fire
 33427 | Elf:3    | Received a gift from Okawaru
 33628 | Elf:3    | Identified the +10 hand axe of Imminent Death {drain, rF-
                  | MR++ SInv}
 33685 | Elf:3    | Reached XP level 20. HP: 170/170 MP: 23/26
 33712 | Elf:3    | Received a gift from Okawaru
 33801 | Elf:3    | Reached skill level 15 in Shields
 33808 | Elf:3    | Identified the +8 mace of Fous {freeze, Int+7}
 33913 | Elf:3    | Identified the ring of Midnight {rPois Int+5 Dex+3 Slay+3}
 33939 | Elf:3    | Got a translucent bone amulet
 33940 | Elf:3    | Identified the Handbook of Floating Contamination
 33952 | Elf:3    | Got a translucent helmet
 34471 | Elf:3    | Killed doot's ghost
 34562 | Elf:3    | Identified the amulet "Hysafingokk" {+Rage rElec MR+} (You
                  | found it on level 3 of the Elven Halls)
 34701 | Lair:1   | Identified the +1 helmet "Muho" {+Fly rElec MP+9} (You
                  | found it on level 3 of the Elven Halls)
 34806 | Swamp:1  | Entered Level 1 of the Swamp
 34964 | Swamp:1  | Found a runed translucent gate.
 34964 | Swamp:1  | Found a runed translucent gate.
 34964 | Swamp:1  | Found a runed translucent gate.
 34965 | Swamp:1  | Noticed Iboetagh's ghost (journeyman GrFi)
 34965 | Swamp:1  | Noticed Ohabb's ghost (journeyman SpAr)
 35033 | Swamp:1  | Killed Iboetagh's ghost
 35033 | Swamp:1  | Received a gift from Okawaru
 35042 | Swamp:1  | Killed Ohabb's ghost
 35783 | Swamp:2  | Found a runed translucent door.
 36209 | Swamp:2  | Learned a level 9 spell: Fire Storm
 36214 | Swamp:2  | Paralysed by you for 6 turns
 36897 | Swamp:3  | Reached XP level 21. HP: 179/179 MP: 24/27
 37625 | Swamp:4  | Entered Level 4 of the Swamp
 37625 | Swamp:4  | Noticed Kirke
 37647 | Swamp:4  | Killed Kirke
 38070 | Swamp:4  | Noticed the 27-headed Lernaean hydra
 38098 | Swamp:4  | Killed the 26-headed Lernaean hydra
 38339 | Swamp:4  | Got a decaying rune of Zot
 39007 | Vaults:1 | Entered Level 1 of the Vaults
 39102 | Vaults:1 | Received a gift from Okawaru
 39734 | Vaults:1 | Found Koygiat's Jewellery Shoppe.
 40247 | Vaults:1 | Reached skill level 15 in Dodging
 40822 | Vaults:2 | Found a flickering gateway to a bazaar.
 40827 | Bazaar   | Entered a bazaar
 40827 | Bazaar   | Found Inuriroan's Antique Armour Shoppe.
 40839 | Bazaar   | Found Ygeqaipp's Antique Armour Shoppe.
 40869 | Bazaar   | Found Hyodirus's Magic Scroll Shoppe.
 40890 | Bazaar   | Bought obsidian-encrusted shadow dragon scales for 1445
                  | gold pieces
 40900 | Bazaar   | Identified the +10 shadow dragon scales of Koysisad {MR-
                  | Str+5 Stlth++++} (You bought it in a shop in a bazaar)
 40912 | Bazaar   | Bought a heavily runed plate armour for 672 gold pieces
 40912 | Bazaar   | Bought a heavily runed ring mail for 216 gold pieces
 40922 | Bazaar   | Identified the +2 plate armour of Royphec {rElec rF- Int+8
                  | Dex-3} (You bought it in a shop in a bazaar)
 40932 | Bazaar   | Identified the +2 ring mail of the Thistle {*Corrode rPois
                  | Str+3 SInv} (You bought it in a shop in a bazaar)
 40974 | Bazaar   | Bought a scroll of brand weapon for 320 gold pieces
 41242 | Vaults:2 | Reached XP level 22. HP: 187/189 MP: 28/28
 41246 | Vaults:2 | Found a radiant altar of Vehumet.
 41324 | Vaults:2 | Found a staircase to the Crypt.
 41443 | Vaults:2 | Received a gift from Okawaru
 41446 | Vaults:2 | Got a smoking hand axe {god gift}
 41447 | Vaults:2 | Identified the +5 hand axe of the Endless Expanse {flame,
                  | rN+ Int-4 Stlth+} (Okawaru gifted it to you on level 2 of
                  | the Vaults)
 42136 | Vaults:3 | Received a gift from Okawaru
 42427 | Vaults:3 | Found Wawiesum's Armour Shoppe.
 42699 | Vaults:3 | Received a gift from Okawaru
 42705 | Vaults:3 | Got a polished hat {god gift}
 43335 | Vaults:4 | Reached XP level 23. HP: 198/198 MP: 29/29
 43917 | Vaults:4 | Identified the +0 hat of Kaifood {rN+} (Okawaru gifted it
                  | to you on level 3 of the Vaults)
 44374 | Vaults:5 | Entered Level 5 of the Vaults
 44418 | Vaults:5 | Received a gift from Okawaru
 44450 | Vaults:5 | Received a gift from Okawaru
 44457 | Vaults:5 | Noticed a golden dragon
 44473 | Vaults:5 | Noticed an ancient lich
 44478 | Vaults:5 | Noticed an ancient lich
 44481 | Vaults:5 | Reached XP level 24. HP: 184/207 MP: 29/29
 44486 | Vaults:5 | Noticed Mara
 44490 | Vaults:5 | Received a gift from Okawaru
 44508 | Vaults:5 | Noticed diana's illusion
 44527 | Vaults:5 | Killed an ancient lich
 44964 | Vaults:5 | Noticed diana's illusion
 44976 | Vaults:5 | Killed an ancient lich
 44997 | Vaults:5 | Killed Mara
 45006 | Vaults:5 | Received a gift from Okawaru
 45016 | Vaults:5 | Identified the +7 hand crossbow of Jeczunit {flame, Str+7}
                  | (Okawaru gifted it to you on level 5 of the Vaults)
 45120 | Vaults:5 | Found Qithovy's Food Boutique.
 45152 | Vaults:5 | Got a silver rune of Zot
 45497 | Vaults:5 | Identified the Tome of the Compass
 45574 | Vaults:5 | Noticed Margery
 45602 | Vaults:5 | Killed Margery
 46058 | Vaults:5 | Identified the Papyrus of Combat Magic
 46748 | Depths:1 | Entered Level 1 of the Depths
 46768 | Depths:1 | Noticed Bai Suzhen
 46777 | Depths:1 | Killed Bai Suzhen
 46794 | Depths:1 | Received a gift from Okawaru
 46806 | Depths:1 | Identified the +0 pair of gloves of Mirth {rF+ MR+ Regen+}
                  | (Okawaru gifted it to you on level 1 of the Depths)
 47497 | Depths:1 | Found a one-way gate to the infinite horrors of the Abyss.
 47596 | Depths:1 | Reached XP level 25. HP: 198/214 MP: 29/29
 47788 | Depths:1 | Found a shattered altar of Ashenzari.
 48177 | Depths:1 | Found a gateway to Hell.
 48361 | Depths:2 | Found Tisir's General Store.
 48370 | Depths:2 | Bought a potion of heal wounds for 75 gold pieces
 49257 | Depths:3 | Reached skill level 1 in Fire Magic
 49306 | Depths:3 | Found a gateway to a ziggurat.
 49311 | Depths:3 | Paralysed by a floating eye for 4 turns
 49326 | Depths:3 | Paralysed by a floating eye for 2 turns
 49346 | Depths:3 | Paralysed by a floating eye for 2 turns
 49355 | Depths:3 | Paralysed by a floating eye for 3 turns
 49362 | Depths:3 | Paralysed by a floating eye for 2 turns
 49368 | Depths:3 | Paralysed by a floating eye for 2 turns
 49512 | Depths:3 | Paralysed by a floating eye for 2 turns
 49516 | Depths:3 | Gained mutation: You expend magic power (3 MP) to
                  | strengthen your wands. [a shining eye]
 49579 | Depths:3 | Found a one-way gate leading to the halls of Pandemonium.
 49743 | Depths:3 | Received a gift from Okawaru
 49744 | Depths:3 | Noticed a greater mummy
 49762 | Depths:3 | Killed a greater mummy
 49787 | Depths:3 | Noticed a greater mummy
 49811 | Depths:3 | Killed a greater mummy
 49818 | Depths:3 | Noticed a greater mummy
 49831 | Depths:3 | Killed a greater mummy
 50121 | Depths:3 | Found the +7 sceptre of Torment {pain, torment}
 50243 | Depths:3 | Reached skill level 5 in Fire Magic
 50505 | Depths:3 | Received a gift from Okawaru
 50694 | Depths:4 | Found a transporter.
 50699 | Depths:4 | Noticed a juggernaut
 50801 | Depths:4 | Found a transporter.
 50881 | Depths:4 | Reached XP level 26. HP: 216/216 MP: 29/29
 51046 | Depths:4 | Received a gift from Okawaru
 51051 | Depths:4 | Identified the +1 pair of gloves of the Meadowlark
                  | {*Corrode rC+++ Str+5} (Okawaru gifted it to you on level 4
                  | of the Depths)
 51162 | Depths:4 | Found Huanirol's Jewellery Shop.
 51163 | Depths:4 | Found Norghed's Gadget Emporium.
 51163 | Depths:4 | Found Amiden's Gadget Emporium.
 51202 | Depths:4 | Found Weneniy's General Store.
 51537 | Depths:5 | Entered Level 5 of the Depths
 51654 | Depths:5 | Found Ugrijouck's Antique Weapon Boutique.
 51669 | Depths:5 | Got a brightly glowing chain mail
 51670 | Depths:5 | Identified the +11 chain mail of Lyits {*Corrode rF+ SInv}
                  | (You found it on level 5 of the Depths)
 51804 | Depths:5 | Found Erefuic's Assorted Antiques.
 51807 | Depths:5 | Bought a heavily runed bronze ring for 135 gold pieces
 51819 | Depths:5 | Identified the ring of Elyvilon's Regard {rC+ MP+9 Str+2}
                  | (You bought it in a shop on level 5 of the Depths)
 52152 | Depths:5 | Found a gate to the Realm of Zot.
 52455 | Depths:5 | Found Iminiom's General Store.
 52463 | Depths:5 | Bought a potion of curing for 66 gold pieces
 52498 | Depths:5 | Found Uhey's Antique Weapon Emporium.
 53113 | Slime:1  | Entered Level 1 of the Pits of Slime
 53706 | Slime:1  | Reached skill level 10 in Fire Magic
 54167 | Slime:2  | Received a gift from Okawaru
 54388 | Slime:3  | Gained mutation: You are clumsy. (Dex -2) [a shining eye]
 54404 | Slime:2  | HP: 4/216 [acid blob/splash of acid (9)]
 54404 | Slime:2  | Splashed by an acid blob's acid

Skill      XL: |  1  2  3  4  5  6  7  8  9 10 11 12 13 14 15 16 17 18 19 20 21 22 23 24 25 26 |
---------------+-------------------------------------------------------------------------------+-----
Axes           | 3 4 5 7 8 9 10 12 13 15 16 17 18 | 18.0
Fighting       | 4 5 6 7 9 10 11 12 14 15 16 17 18 19 20 21 22 | 22.0
Dodging        | 1 2 3 4 5 6 7 8 10 11 12 13 14 15 16 17 18 19 | 19.2
Armour         | 4 5 6 7 8 9 10 11 13 14 15 16 17 18 19 20 21 22 | 22.0
Shields        | 4 5 6 7 8 9 10 11 12 13 14 15 16 17 18 20 21 22 | 22.0
Invocations    | 1 4 6 8 |  8.4
Fire Magic     | 7 10 | 10.4

Action                   |  1- 3 |  4- 6 |  7- 9 | 10-12 | 13-15 | 16-18 | 19-21 | 22-24 | 25-27 || total
-------------------------+-------+-------+-------+-------+-------+-------+-------+-------+-------++-------
Melee: War axe           |   112 |   191 |   401 |   317 |       |       |       |       |       ||  1021
       Unarmed           |       |     8 |       |    15 |       |       |       |       |       ||    23
       Battleaxe         |       |       |       |    42 |       |       |       |       |       ||    42
       Executioner's axe |       |       |       |   198 |   661 |       |       |    52 |       ||   911
       Demon whip        |       |       |       |       |    59 |       |       |       |       ||    59
       Broad axe         |       |       |       |       |   420 |  1223 |  1818 |  1076 |  1045 ||  5582
Throw: Throwing net      |       |       |       |       |     2 |       |       |       |       ||     2
Invok: Heroism           |       |       |     4 |    16 |    27 |     8 |    12 |     6 |     8 ||    81
       Finesse           |       |       |       |     6 |    12 |     8 |     5 |     4 |     3 ||    38
Evoke: Wand              |       |       |       |    19 |     1 |     1 |     2 |       |     1 ||    24
  Use: Potion            |       |     1 |     2 |     8 |     3 |     1 |       |     1 |       ||    16
       Scroll            |       |       |     7 |     8 |     6 |     8 |     8 |    13 |     4 ||    54
 Stab: Held in net/web   |       |       |       |       |     2 |       |       |       |       ||     2
       Distracted        |       |       |       |       |       |     1 |     2 |       |     2 ||     5
       Confused          |       |       |       |       |       |       |     5 |       |       ||     5
  Eat: Chunk             |     1 |     6 |     7 |     6 |    28 |    16 |    29 |    13 |    15 ||   121
       Ration            |       |       |     2 |     5 |     5 |     2 |     1 |     4 |     2 ||    21
Armor: Scale mail        |    38 |    57 |     6 |   202 |   213 |       |       |       |       ||   516
       Ring mail         |       |    23 |   117 |       |   186 |       |       |       |       ||   326
       Skin              |       |     2 |       |     4 |       |       |       |       |       ||     6
       Leather armour    |       |       |       |       |     7 |       |       |       |       ||     7
       Chain mail        |       |       |       |       |     5 |   742 |   908 |   384 |   290 ||  2329
Dodge: Dodged            |    30 |    83 |   131 |   305 |   654 |   490 |   919 |   521 |   388 ||  3521
Block: Shield            |    55 |   108 |   204 |   198 |   317 |  1274 |  1624 |   949 |   862 ||  5591
       Reflection        |       |       |     4 |    12 |    17 |    16 |   123 |    61 |    63 ||   296
       Other             |       |       |       |    43 |   176 |       |       |    26 |       ||   245
